 Dungeon Crawl Stone Soup version 0.30-a0-800-g7c544603b3 (webtiles) character file.

Game seed: 8447372011917874959

12 Newt the Trooper (level 2, 0/23 HPs)
             Began as a Demonspawn Gladiator on Feb 21, 2023.
             Slain by a hobgoblin
             ... wielding a +0 long sword
              (9 damage)
             ... on level 1 of the Dungeon.
             The game lasted 00:00:19 (228 turns).

Newt the Trooper (Demonspawn Gladiator)              Turns: 228, Time: 00:00:20

Health: 0/23       AC:  6    Str: 14    XL:     2   Next: 20%
Magic:  2/2        EV: 12    Int:  9    God:
Gold:   9          SH:  0    Dex: 14    Spells: 1/1 levels left

rFire   . . .      SeeInvis .    a - +0 rapier
rCold   . . .      Faith    .    (no shield)
rNeg    . . .      Spirit   .    b - +0 leather armour
rPois   .          Reflect  .    c - +0 helmet
rElec   .          Harm     .    (no cloak)
rCorr   .          Rampage  .    (no gloves)
Will    .....                    (no boots)
Stlth   +                        (no amulet)
HPRegen 0.23/turn                (no ring)
MPRegen 0.08/turn                (no ring)

@: no status effects
A: icy blue scales 1
a: no special abilities


You were on level 1 of the Dungeon.
You visited 1 branch of the dungeon, and saw 1 of its levels.

You collected 9 gold pieces.

Inventory:

Hand Weapons
 a - a +0 rapier (weapon)
Missiles
 d - 3 throwing nets (quivered)
 e - a javelin
Armour
 b - a +0 leather armour (worn)
 c - a +0 helmet (worn)


   Skills:
 + Level 2.9 Fighting
 - Level 2.6 Short Blades
 - Level 1.7 Throwing
 - Level 2.6 Dodging


You had one spell level left.
You didn't know any spells.
Your spell library was empty.

Dungeon Overview and Level Annotations

Branches:
Dungeon (1/15)

Altars:


Innate Abilities, Weirdness & Mutations

You are partially covered in icy blue scales. (AC +2)


Message History

You barely miss the ball python.
The ball python is severely wounded.
A bat comes into view.
The hobgoblin hits you but does no damage.
The ball python bites you. The ball python constricts you.
You hit the ball python.
You kill the ball python!
The hobgoblin hits you. The hobgoblin barely misses you.
You barely miss the dart slug.
The hobgoblin hits you but does no damage.
You hit the dart slug.
The dart slug is heavily wounded.
The dart slug misses you. The hobgoblin misses you.
You hit the dart slug.
The dart slug is severely wounded.
The dart slug misses you. The hobgoblin hits you.
You barely miss the dart slug.
The dart slug is severely wounded.
The dart slug closely misses you.
You puncture the dart slug!
You kill the dart slug!
The bat hits you but does no damage.
The hobgoblin hits you but does no damage.
You closely miss the hobgoblin.
The hobgoblin hits you with a +0 long sword!
The hobgoblin hits you. The bat closely misses you.
You are too injured to fight recklessly!
You are too injured to fight recklessly!
You are too injured to fight recklessly!
You are too injured to fight recklessly!
You are too injured to fight recklessly!
You are too injured to fight recklessly!
Unknown command.
You barely miss the hobgoblin. The bat hits you but does no damage.
The hobgoblin barely misses you.
The hobgoblin hits you but does no damage.
You closely miss the hobgoblin. The bat closely misses you.
The hobgoblin hits you but does no damage.
The hobgoblin hits you with a +0 long sword!
You die...

##...## # ##.##
# # .####### #.#
# ..
......####.# #
... .......##.#
# ....
#.....##.# .....
#._.#.##.#
....!.#...#....#
......g@....####
......bg....#
...#..#.....# .
#.$#.....# #.
#(###.# ......
..# #.#.### ###
..#.


You could see 2 hobgoblins and a bat.

Vanquished Creatures
  A dart slug (D:1)
  A bat (D:1)
  An endoplasm (D:1)
  A giant cockroach (D:1)
  A hobgoblin (D:1)
  A kobold (D:1)
  2 ball pythons (D:1)
  A rat (D:1)
9 creatures vanquished.

Notes
Turn   | Place    | Note
-------+----------+-------------------------------------------
     0 | D:1      | Newt the Demonspawn Gladiator began the quest for the Orb.
     0 | D:1      | Reached XP level 1. HP: 16/16 MP: 1/1
   197 | D:1      | Gained mutation: You are partially covered in icy blue
                  | scales. (AC +2) [demonic ancestry]
   197 | D:1      | Reached XP level 2. HP: 23/23 MP: 2/2
   212 | D:1      | Found a faded altar of an unknown god.
   228 | D:1      | Slain by a hobgoblin

Illustrated notes

Levels and vault maps discovered:
D:1:      nzn_arrival_depleted_hourglass, layout_loops_corners, serial_shops,
          nicolae_shop_waterfront, hellmonk_ecumenical_altar_lost_god

Action                     || total
---------------------------++-------
  Melee: Rapier            ||    39
 Armour: Leather armour    ||    16
  Dodge: Dodged            ||    27

Table legend: (Time is in decaauts)
 A = Elapsed time spent in this place.
 B = Non-inter-level travel time spent in this place.
 C = Inter-level travel time spent in this place.
 D = Time resting spent in this place.
 E = Time spent auto-exploring this place.
 F = Levels seen in this place.
 G = Mean time per level.
                   A        B        C        D        E       F      G
               +--------+--------+--------+--------+--------+-----+--------+
         Total |    230 |    230 |      0 |      0 |    157 |   1 |  230.0 |
       Dungeon |    230 |    230 |      0 |      0 |    157 |   1 |  230.0 |
               +--------+--------+--------+--------+--------+-----+--------+

Top non-repeatable levels by time:
     D:1: 230 daAuts
